 Dungeon Crawl Stone Soup version 0.31-b1-20-g67cafac56d (webtiles) character file.

Game seed: 15651782439095578370

2 Esekla the Sneak (level 1, -9/16 HPs)
             Began as an Octopode Delver on Jan 17, 2024.
             Killed from afar by a white imp (11 damage)
             ... with a puff of frost
             ... on level 6 of the Dungeon.
             The game lasted 00:02:13 (272 turns).

Esekla the Sneak (Octopode Delver)                   Turns: 272, Time: 00:02:14

Health: -9/16      AC:  1    Str: 17    XL:     1   Next: 40%
Magic:  1/1        EV: 13    Int: 12    God:
Gold:   49         SH:  0    Dex: 13    Spells: 0/0 levels left

rFire   . . .        a - +0 falchion
rCold   . . .        (no shield)
rNeg    . . .        (helmet restricted)
rPois   .            (no amulet)
rElec   .            g - +6 ring of strength
rCorr   .            (no ring)
SInv    .            (no ring)
Will    .....        (no ring)
Stlth   ++++         (no ring)
HPRegen 0.22/turn    (no ring)
MPRegen 0.07/turn    (no ring)
                     (no ring)

%: no passive effects
@: no status effects
A: almost no armour, amphibious, 8 rings, camouflage 1, gelatinous body 1,
(nimble swimmer 1), tentacles
a: no special abilities


You were on level 6 of the Dungeon.
You visited 2 branches of the dungeon, and saw 3 of its levels.

You collected 49 gold pieces.

Inventory:

Hand Weapons
 a - a +0 falchion (weapon)
Missiles
 h - 2 poisoned darts (quivered)
Jewellery
 g - a +6 ring of strength (left tentacle)
Wands
 f - a wand of digging (3)
Scrolls
 b - a scroll of fog
 c - a scroll of revelation
 d - a scroll of fear
Potions
 e - 2 potions of haste
 i - a potion of heal wounds {unknown}


   Skills:
 * Level 3.0 Fighting
 * Level 2.0 Long Blades
 * Level 2.0 Dodging
 + Level 6.7 Stealth


You couldn't memorise any spells.
You didn't know any spells.
Your spell library was empty.

Dungeon Overview and Level Annotations

Branches:
Dungeon (6/15)             Temple (1/1) D:5

Altars:
Ashenzari
Dithmenos
Fedhas
Hepliaklqana
Kikubaaqudgha
Nemelex Xobeh
Qazlal
Ru
Trog
Lugonu

Shops:
D:6 !

Annotations:
D:6 3 runed translucent doors, groovy9's ghost, novice DECj


Innate Abilities, Weirdness & Mutations

You cannot wear most types of armour.
You are amphibious.
You can wear up to eight rings at the same time.
Your skin changes colour to match your surroundings (Stealth+).
Your rubbery body absorbs attacks. (AC +1, EV +1)
((You are camouflaged when in or above water. (Stealth+)))
You have tentacles for arms and can constrict up to eight enemies at once.


Message History

Groovy9's ghost threatens, "Do not fail me, O fires of Iskenderun!"
Found a quarterstaff.
Found 7 gold pieces.
You open the door.
There is an open door here.
You open the door.
There is an open door here.
You open the door.
Found Isuomops's Distillery.
There is an open door here.
There is an entrance to Isuomops's Distillery here.
You can access your shopping list by pressing '$'.
There is an open door here.
There is an open door here.
There is an open door here.
Found a stone staircase leading down.
You now have 49 gold pieces (gained 7).
You hear a distant slurping noise.
An orc comes into view. It is wielding a +0 club.
An orc, an orc wizard and an adder come into view.
The orc wizard is wielding a +2 dagger of venom.
The orc shouts!
An orc comes into view.
It is wielding a +0 whip and wearing a +0 leather armour of positive energy.
An orc comes into view. It is wielding a +0 short sword.
The orc shouts!
A white imp comes into view.
The white imp shouts, "Kneel, thou pottle-deep base-court flax-wench!"
The white imp laughs crazily.
The white imp gestures at you. The puff of frost hits you!
Ouch! That really hurt!
The white imp hits you. The white imp freezes you.
* * * LOW HITPOINT WARNING * * *
You hit the white imp. Your grab misses the white imp.
You squeeze the white imp!
The white imp is almost dead.
The white imp gestures at you. The puff of frost hits you!
Ouch! That really hurt!
You die...

,.....#+#..........,,*
*,*
.....♣*+#♣.....####***
*,* ,,.S#*#+###....# *,*
,,..+++∩'''...)# *,*
,,,.#*#+###....# ****,*
,,,..♣*+#♣..#### *,,,,*
,,,...#+#...# *,****
,,*........##########.##*
,,,..>.....o..o.@5......*
,,,#......o#############*
,,,#.......#
,,,#......o#########***
,,,#................,,*
,,,#.....o..........,,*
,,,#...o............,,*
,,,#.o...S.#########***
,,,##......#


You could see a white imp and 3 orcs.

Vanquished Creatures
  A dart slug (D:5)
1 creature vanquished.

Notes
Turn   | Place    | Note
-------+----------+-------------------------------------------
     0 | D:5      | Esekla the Octopode Delver began the quest for the Orb.
     0 | D:5      | Reached XP level 1. HP: 16/16 MP: 1/1
     0 | D:5      | Found a staircase to the Ecumenical Temple.
    45 | Temple   | Entered the Ecumenical Temple
   135 | D:5      | Found a sacrificial altar of Ru.
   179 | D:6      | Found Laemy's General Store.
   195 | D:6      | Noticed a water moccasin
   202 | D:6      | Found a runed translucent gate.
   202 | D:6      | Noticed groovy9's ghost (novice DECj)
   203 | D:6      | Found a runed translucent gate.
   203 | D:6      | Noticed an ogre
   206 | D:6      | Noticed a sky beast
   224 | D:6      | Found a runed translucent gate.
   245 | D:6      | Found Isuomops's Distillery.
   260 | D:6      | Noticed an orc wizard
   272 | D:6      | Killed from afar by a white imp

Illustrated notes

Levels and vault maps discovered:
D:5:      layout_loops_cross, mainiacjoe_overflow_concentric_impassable,
          temple_hall, serial_co_window_serial, co_window_paths_b,
          co_window_paths_a, co_window_paths_b, co_window_paths_a,
          co_window_of_opportunity_a, co_window_corner_b,
          co_window_of_opportunity_c, co_window_corner_b, co_window_corner_ca,
          co_window_cross_4, glass_columns_a
D:6:      layout_basic, amcnicky_altar_gilded, nicolae_overflow_two_pavilions,
          serial_shops, shop, nicolae_shop_real_fake_doors, shop,
          gammafunk_ghost_split
Temple:   corrupted_temple

Action                     || total
---------------------------++-------
  Melee: Falchion          ||     2
         Constrict         ||     1
         Tentacles         ||     1
    Use: Scroll            ||     2
   Stab: Sleeping          ||     1
 Armour: Skin              ||     3
